TOP OF THE 1ST |
Kane County Cougars batting - Pitching for Lakewood BlueClaws : RHP Jamie Gordam
|
Pitching: RHP Jamie Gordam
|
|
Batting: RHB Francisco Gutierrez
|
0-0: Ball 1-0: Fly out, F8 (Flyball, 8RD, EV 90.6 MPH)
|
Batting: RHB D.J. Cooke
|
0-0: Ball 1-0: Ball 2-0: Ball 3-0: Called Strike 3-1: SOLO HOME RUN (Flyball, 8RXD, EV 109.4 MPH), Distance : 434 ft
|
Batting: RHB Chad Mendoza
|
0-0: Called Strike 0-1: Ball 1-1: SOLO HOME RUN (Flyball, 7LD, EV 95.0 MPH), Distance : 330 ft
|
Batting: LHB J.P. Olson
|
0-0: Ball 1-0: Called Strike 1-1: Foul Ball, location: 2F 1-2: Ball 2-2: Foul Ball, location: 2F 2-2: Fly out, F4 (Line Drive, 34D, EV 75.0 MPH)
|
Batting: RHB Longfellow Wetzler
|
0-0: Fly out, F7 (Flyball, 7LM, EV 86.2 MPH)
|
Top of the 1st over - 2 runs, 2 hits, 0 errors, 0 left on base; Kane County 2 - Lakewood 0 |
BOTTOM OF THE 1ST |
Lakewood BlueClaws batting - Pitching for Kane County Cougars : RHP Nobuo Okazaki
|
Pitching: RHP Nobuo Okazaki
|
|
Batting: LHB Matt Urbanek
|
0-0: Bunt for hit to 2R - play at first, batter OUT! 2-3
|
Batting: RHB Vaclav Been
|
0-0: Ball 1-0: Swinging Strike 1-1: Foul Ball, location: 2F 1-2: Strikes out looking
|
Batting: RHB Mike Bell
|
0-0: Ball 1-0: Ball 2-0: Foul Ball, location: 2F 2-1: Ground out 5-3 (Groundball, 5S, EV 66.9 MPH)
|
Bottom of the 1st over - 0 runs, 0 hits, 0 errors, 0 left on base; Kane County 2 - Lakewood 0 |
TOP OF THE 2ND |
Kane County Cougars batting - Pitching for Lakewood BlueClaws : RHP Jamie Gordam
|
Batting: RHB Dustin Legault
|
0-0: Called Strike 0-1: Ball 1-1: Foul Ball, location: 2F 1-2: Ball 2-2: Foul Ball, location: 2F 2-2: Ground out 6-3 (Groundball, 6, EV 85.0 MPH)
|
Batting: RHB Sergio Manzanero
|
0-0: Called Strike 0-1: DOUBLE (Line Drive, 89XD, EV 97.5 MPH)
|
Batting: LHB Jeff Harmon
|
0-0: Swinging Strike 0-1: Foul Ball, location: 2F 0-2: Ball 1-2: SINGLE (Line Drive, 56, EV 108.1 MPH) Sergio Manzanero to third
|
Batting: RHB Gary Hills
|
0-0: Fly out, F7 (Flyball, 7, EV 90.6 MPH) Runner from 3rd tags up, SCORES, throw by LF
|
Batting: RHB Francisco Gutierrez
|
0-0: Hit by Pitch Jeff Harmon to second
|
Batting: RHB D.J. Cooke
|
0-0: Swinging Strike 0-1: Ball 1-1: Fly out, F6 (Line Drive, 56D, EV 65.0 MPH)
|
Top of the 2nd over - 1 run, 2 hits, 0 errors, 2 left on base; Kane County 3 - Lakewood 0 |
BOTTOM OF THE 2ND |
Lakewood BlueClaws batting - Pitching for Kane County Cougars : RHP Nobuo Okazaki
|
Batting: RHB Victor Arias
|
0-0: Called Strike 0-1: Ball 1-1: Fly out, F8 (Flyball, 8LD, EV 87.5 MPH)
|
Batting: LHB Eric Farren
|
0-0: Ground out 5-3 (Groundball, 56, EV 98.1 MPH)
|
Batting: RHB Trent Hedrick
|
0-0: Fly out, F7 (Line Drive, 7, EV 108.8 MPH)
|
Bottom of the 2nd over - 0 runs, 0 hits, 0 errors, 0 left on base; Kane County 3 - Lakewood 0 |
TOP OF THE 3RD |
Kane County Cougars batting - Pitching for Lakewood BlueClaws : RHP Jamie Gordam
|
Batting: RHB Chad Mendoza
|
0-0: Ball 1-0: Ground out U3 (Groundball, 23, EV 83.1 MPH)
|
Batting: LHB J.P. Olson
|
0-0: Ball 1-0: Ball 2-0: Ball 3-0: Called Strike 3-1: Base on Balls
|
Batting: RHB Longfellow Wetzler
|
0-0: Fielders Choice at 2nd, 1-6 (Groundball, 34S, EV 68.8 MPH)
|
Batting: RHB Dustin Legault
|
0-0: Swinging Strike 0-1: Ball Wild Pitch! Longfellow Wetzler to second 1-1: Called Strike 1-2: Foul Ball, location: 2F 1-2: Ball 2-2: 2-RUN HOME RUN (Flyball, 7LD, EV 93.1 MPH), Distance : 348 ft
|
Batting: RHB Sergio Manzanero
|
0-0: Ball 1-0: Called Strike 1-1: Ball 2-1: Fly out, F9 (Flyball, 9, EV 98.1 MPH)
|
Top of the 3rd over - 2 runs, 1 hit, 0 errors, 0 left on base; Kane County 5 - Lakewood 0 |
BOTTOM OF THE 3RD |
Lakewood BlueClaws batting - Pitching for Kane County Cougars : RHP Nobuo Okazaki
|
Batting: SHB Steve DeRienzo
|
0-0: Ball 1-0: Ground out U3 (Groundball, 3, EV 100.0 MPH)
|
Batting: RHB Bryan Alfaro
|
0-0: Reached on error, E4 (Groundball, 4, EV 86.9 MPH)
|
Batting: RHB Cory Bonham
|
0-0: Ball 1-0: Swinging Strike 1-1: Ball 2-1: Ball 3-1: Foul Ball, location: 2F 3-2: Foul Ball, location: 2F 3-2: Strikes out swinging
|
Batting: LHB Matt Urbanek
|
0-0: Called Strike 0-1: Ball 1-1: Ball 2-1: Swinging Strike 2-2: Foul Ball, location: 2F 2-2: Fly out, F7 (Flyball, 7, EV 76.9 MPH)
|
Bottom of the 3rd over - 0 runs, 0 hits, 1 error, 1 left on base; Kane County 5 - Lakewood 0 |
TOP OF THE 4TH |
Kane County Cougars batting - Pitching for Lakewood BlueClaws : RHP Jamie Gordam
|
Pitching: RHP Jeff van Schaik
|
|
Batting: LHB Jeff Harmon
|
0-0: Ball 1-0: Ball 2-0: DOUBLE (Flyball, 78D, EV 103.1 MPH)
|
Batting: RHB Gary Hills
|
0-0: Ball 1-0: Foul Ball, location: 2F 1-1: Ball 2-1: Fly out, F8 (Flyball, 8RXD, EV 81.9 MPH) Runner from 2nd tags up, SAFE at 3rd, no throw by CF
|
Batting: RHB Francisco Gutierrez
|
0-0: Called Strike 0-1: Foul Ball, location: 2F 0-2: Strikes out swinging
|
Batting: RHB D.J. Cooke
|
0-0: Fly out, F8 (Flyball, 78M, EV 85.0 MPH)
|
Top of the 4th over - 0 runs, 1 hit, 0 errors, 1 left on base; Kane County 5 - Lakewood 0 |
BOTTOM OF THE 4TH |
Lakewood BlueClaws batting - Pitching for Kane County Cougars : RHP Nobuo Okazaki
|
Batting: RHB Vaclav Been
|
0-0: Ball 1-0: Called Strike 1-1: Called Strike 1-2: Hit by Pitch
|
Batting: RHB Mike Bell
|
0-0: Grounds into double play, 6-4-3 (Groundball, 6, EV 88.8 MPH)
|
Batting: RHB Victor Arias
|
0-0: Ball 1-0: Foul Ball, location: 2F 1-1: Foul Ball, location: 2F 1-2: Fly out, F7 (Flyball, 7D, EV 99.4 MPH)
|
Bottom of the 4th over - 0 runs, 0 hits, 0 errors, 0 left on base; Kane County 5 - Lakewood 0 |
TOP OF THE 5TH |
Kane County Cougars batting - Pitching for Lakewood BlueClaws : RHP Jeff van Schaik
|
Batting: RHB Chad Mendoza
|
0-0: Ball 1-0: Ball 2-0: Called Strike 2-1: Ball 3-1: Foul Ball, location: 2F 3-2: Foul Ball, location: 2F 3-2: Strikes out swinging
|
Batting: LHB J.P. Olson
|
0-0: Swinging Strike 0-1: Ball 1-1: Called Strike 1-2: Foul Ball, location: 2F 1-2: SINGLE (Line Drive, 8RS, EV 91.2 MPH)
|
Batting: RHB Longfellow Wetzler
|
0-0: Ball 1-0: Foul Ball, location: 2F 1-1: Foul Ball, location: 2F 1-2: Ball 2-2: Strikes out looking
|
Batting: RHB Dustin Legault
|
0-0: Ball J.P. Olson is caught stealing 2nd base 2-4
|
Top of the 5th over - 0 runs, 1 hit, 0 errors, 0 left on base; Kane County 5 - Lakewood 0 |
BOTTOM OF THE 5TH |
Lakewood BlueClaws batting - Pitching for Kane County Cougars : RHP Nobuo Okazaki
|
Batting: LHB Eric Farren
|
0-0: Ball 1-0: Ball 2-0: Ball 3-0: Called Strike 3-1: Ground out 3-1 (Groundball, 34, EV 84.4 MPH)
|
Batting: RHB Trent Hedrick
|
0-0: Called Strike 0-1: Ground out 5-3 (Groundball, 56S, EV 71.9 MPH)
|
Batting: SHB Steve DeRienzo
|
0-0: Called Strike 0-1: SINGLE (Groundball, 56S, EV 66.9 MPH) (infield hit)
|
Batting: RHB Bryan Alfaro
|
0-0: Called Strike 0-1: Swinging Strike 0-2: Ground out 2-3 (Groundball, 2L, EV 65.6 MPH)
|
Bottom of the 5th over - 0 runs, 1 hit, 0 errors, 1 left on base; Kane County 5 - Lakewood 0 |
TOP OF THE 6TH |
Kane County Cougars batting - Pitching for Lakewood BlueClaws : RHP Jeff van Schaik
|
Batting: RHB Dustin Legault
|
0-0: Ball 1-0: Ball 2-0: Called Strike 2-1: Foul Ball, location: 2F 2-2: Ball 3-2: Strikes out looking
|
Batting: RHB Sergio Manzanero
|
0-0: Ball 1-0: Ground out 4-3 (Groundball, 4M, EV 98.8 MPH)
|
Batting: LHB Jeff Harmon
|
0-0: Called Strike 0-1: Ball 1-1: Called Strike 1-2: Strikes out swinging
|
Top of the 6th over - 0 runs, 0 hits, 0 errors, 0 left on base; Kane County 5 - Lakewood 0 |
BOTTOM OF THE 6TH |
Lakewood BlueClaws batting - Pitching for Kane County Cougars : RHP Nobuo Okazaki
|
Batting: RHB Cory Bonham
|
0-0: Called Strike 0-1: Called Strike 0-2: Ball 1-2: Strikes out swinging
|
Batting: LHB Matt Urbanek
|
0-0: Called Strike 0-1: Called Strike 0-2: Ground out 4-3 (Groundball, 4M, EV 100.0 MPH)
|
Batting: RHB Vaclav Been
|
0-0: Foul Ball, location: 2F 0-1: Ball 1-1: Ball 2-1: Ground out 6-3 (Groundball, 6MS, EV 86.2 MPH)
|
Bottom of the 6th over - 0 runs, 0 hits, 0 errors, 0 left on base; Kane County 5 - Lakewood 0 |
TOP OF THE 7TH |
Kane County Cougars batting - Pitching for Lakewood BlueClaws : RHP Jeff van Schaik
|
Batting: RHB Gary Hills
|
0-0: Called Strike 0-1: Called Strike 0-2: Strikes out swinging
|
Batting: RHB Francisco Gutierrez
|
0-0: Called Strike 0-1: SINGLE (Groundball, 56D, EV 107.5 MPH)
|
Batting: RHB D.J. Cooke
|
0-0: Ball 1-0: Swinging Strike 1-1: Ball 2-1: Ball 3-1: Base on Balls Francisco Gutierrez to second
|
Pitching: RHP Alec Guglielmo
|
|
Batting: RHB Chad Mendoza
|
0-0: Foul Ball, location: 2F 0-1: Ball 1-1: Ball 2-1: Ball 3-1: Foul Ball, location: 2F 3-2: Foul Ball, location: 2F 3-2: Foul Ball, location: 2F 3-2: Foul Ball, location: 2F 3-2: Base on Balls Francisco Gutierrez to third D.J. Cooke to second
|
Batting: LHB J.P. Olson
|
0-0: Foul Ball, location: 2F 0-1: Swinging Strike 0-2: Foul Ball, location: 2F 0-2: Strikes out swinging
|
Batting: RHB Longfellow Wetzler
|
0-0: Ball 1-0: Ball 2-0: Ball 3-0: Called Strike 3-1: Foul Ball, location: 2F 3-2: Foul Ball, location: 2F 3-2: Foul Ball, location: 2F 3-2: Strikes out swinging
|
Top of the 7th over - 0 runs, 1 hit, 0 errors, 3 left on base; Kane County 5 - Lakewood 0 |
BOTTOM OF THE 7TH |
Lakewood BlueClaws batting - Pitching for Kane County Cougars : RHP Nobuo Okazaki
|
Batting: RHB Mike Bell
|
0-0: Ball 1-0: DOUBLE (Line Drive, 7LM, EV 95.6 MPH)
|
Batting: RHB Victor Arias
|
0-0: Foul Ball, location: 2F 0-1: Ball 1-1: Ball 2-1: Foul Ball, location: 2F 2-2: Strikes out swinging
|
Batting: LHB Eric Farren
|
0-0: SINGLE (Groundball, 34D, EV 95.0 MPH) Mike Bell to third Runner from 3rd tries for Home, SAFE, throw by RF to home
|
Batting: RHB Trent Hedrick
|
Pickoff Play to 1st, Runner tries for 2nd, OUT after rundown. 0-0: Ball 1-0: Foul Ball, location: 2F 1-1: Foul Ball, location: 2F 1-2: Ball 2-2: Foul Ball, location: 2F 2-2: Foul Ball, location: 2F 2-2: Foul Ball, location: 2F 2-2: Ball 3-2: Foul Ball, location: 2F 3-2: Foul Ball, location: 2F 3-2: Ground out 6-3 (Groundball, 6M, EV 84.4 MPH)
|
Bottom of the 7th over - 1 run, 2 hits, 0 errors, 0 left on base; Kane County 5 - Lakewood 1 |
TOP OF THE 8TH |
Kane County Cougars batting - Pitching for Lakewood BlueClaws : RHP Alec Guglielmo
|
Pitching: RHP Ian Savary
|
|
Batting: RHB Dustin Legault
|
0-0: Called Strike 0-1: Foul Ball, location: 2F 0-2: Foul Ball, location: 2F 0-2: Ball 1-2: Strikes out swinging
|
Batting: RHB Sergio Manzanero
|
0-0: Ball 1-0: SINGLE (Groundball, 34D, EV 104.4 MPH)
|
Batting: LHB Jeff Harmon
|
0-0: Called Strike 0-1: Called Strike 0-2: Ball 1-2: Ball 2-2: Ball 3-2: Foul Ball, location: 2F 3-2: Strikes out looking
|
Batting: RHB Gary Hills
|
0-0: Ball 1-0: Fly out, F8 (Flyball, 8LD, EV 94.4 MPH)
|
Top of the 8th over - 0 runs, 1 hit, 0 errors, 1 left on base; Kane County 5 - Lakewood 1 |
BOTTOM OF THE 8TH |
Lakewood BlueClaws batting - Pitching for Kane County Cougars : RHP Nobuo Okazaki
|
Batting: SHB Steve DeRienzo
|
0-0: Called Strike 0-1: Ball 1-1: Foul Ball, location: 2F 1-2: Ball 2-2: Ball 3-2: Strikes out looking
|
Batting: RHB Bryan Alfaro
|
0-0: SINGLE (Groundball, 15S, EV 70.6 MPH) (infield hit)
|
Batting: RHB Cory Bonham
|
0-0: Called Strike 0-1: Ball 1-1: Ball 2-1: Swinging Strike 2-2: Ball 3-2: Fielders Choice at 2nd, 5-4 (Groundball, 56, EV 109.4 MPH)
|
Batting: LHB Matt Urbanek
|
0-0: Fielders Choice at 2nd, 6-4 (Groundball, 6, EV 80.6 MPH)
|
Bottom of the 8th over - 0 runs, 1 hit, 0 errors, 1 left on base; Kane County 5 - Lakewood 1 |
TOP OF THE 9TH |
Kane County Cougars batting - Pitching for Lakewood BlueClaws : RHP Ian Savary
|
Pitching: RHP Ramon Mena
|
|
Batting: RHB Francisco Gutierrez
|
0-0: Foul Ball, location: 2F 0-1: Ball 1-1: Ground out 6-3 (Groundball, 6, EV 105.6 MPH)
|
Batting: RHB D.J. Cooke
|
0-0: Called Strike 0-1: Called Strike 0-2: SINGLE (Line Drive, 3D, EV 100.6 MPH)
|
Batting: RHB Chad Mendoza
|
0-0: Ball 1-0: Called Strike D.J. Cooke is caught stealing 2nd base 2-4 1-1: Swinging Strike 1-2: Foul Ball, location: 2F 1-2: DOUBLE (Line Drive, 7LS, EV 106.2 MPH)
|
Batting: LHB J.P. Olson
|
0-0: Intentional Walk
|
Batting: RHB Longfellow Wetzler
|
0-0: Foul Ball, location: 2F 0-1: Ball 1-1: Ball 2-1: Fly out, F8 (Flyball, 8LM, EV 86.2 MPH)
|
Top of the 9th over - 0 runs, 2 hits, 0 errors, 2 left on base; Kane County 5 - Lakewood 1 |
BOTTOM OF THE 9TH |
Lakewood BlueClaws batting - Pitching for Kane County Cougars : RHP Nobuo Okazaki
|
Batting: RHB Vaclav Been
|
0-0: Called Strike 0-1: Foul Ball, location: 2F 0-2: Ball 1-2: Ground out 5-3 (Groundball, 56, EV 97.5 MPH)
|
Batting: RHB Mike Bell
|
0-0: Ball 1-0: Fly out, F8 (Flyball, 8RD, EV 108.8 MPH)
|
Batting: RHB Victor Arias
|
0-0: Called Strike 0-1: Swinging Strike 0-2: Foul Ball, location: 2F 0-2: Foul Ball, location: 2F 0-2: Strikes out swinging
|
Bottom of the 9th over - 0 runs, 0 hits, 0 errors, 0 left on base; Kane County 5 - Lakewood 1 |
|